Map: Orbital Shipyard

Players

LilDicky - Winner!

  • Race: Terran Terran
  • League: Diamond

Typic

  • Race: Terran Terran
  • League: Diamond

VOD

http://www.twitch.tv/tumescentpie

Description

Time

  • Played on: Dec. 10, 2015, 9:03 a.m.
  • Length: 10:51
Show
View Real Time Build Order
Export as new Build Order

LilDicky Terran - Winner!

Build Orders: Banshee Rush 

Get SALT Encoding   

  12  0:03  SCV  
  13  0:15  SCV  
  14  0:27  SCV  
  15  0:32  Supply Depot  
  15  0:42  Refinery  
  15  0:54  SCV  
  16  0:58  Barracks  
  16  1:06  SCV  
  17  1:18  SCV  
  18  1:19  Refinery  
  18  1:30  SCV  
  19  1:39  Supply Depot  
  19  1:42  SCV  
  20  1:54  Marine  
  20  1:55  Orbital Command  
  20  2:00  Factory  
  21  2:12  Marine  
  22  2:21  SCV  
  23  2:30  Marine  
  23  2:33  SCV  
  25  2:46  Factory Tech Lab, Starport  
  25  2:48  Marine  
  25  2:51  SCV  
  27  3:03  SCV  
  28  3:05  Marine  
  30  3:22  Supply Depot  
  30  3:24  Widow Mine  
  31  3:30  Cloaking Field  
  31  3:32  Banshee, SCV  
  35  3:34  Engineering Bay  
  35  3:37  Marine  
  36  3:41  Command Center  
  36  3:46  SCV  
  37  3:55  Factory Tech Lab  
  37  3:57  Refinery  
  37  3:58  SCV  
  38  4:09  Missile Turret  
  38  4:10  SCV, Marine  
  38  4:11  Supply Depot  
  40  4:22  Siege Tank  
  43  4:41  Supply Depot  
  43  4:42  SCV  
  43  4:43  Banshee  
  47  4:54  SCV, Orbital Command  
  48  5:06  SCV  
  49  5:16  Siege Tank  
  49  5:18  SCV  
  53  5:26  Banshee  
  53  5:27  SCV  
  54  5:31  Refinery  
  54  5:34  Marine  
  55  5:35  Factory  
  55  5:44  SCV  
  55  5:45  SCV  
  55  5:48  Siege Tank  
  55  5:49  Missile Turret  
  60  5:55  Missile Turret  
  60  5:56  SCV  
  61  5:57  SCV  
  60  6:17  Banshee  
  60  6:20  Siege Tank  
  60  6:22  Factory Tech Lab  
  63  6:27  SCV  
  63  6:32  Starport  
  64  6:33  SCV  
  64  6:36  Command Center  
  64  6:39  SCV  
  63  6:41  Refinery  
  63  6:45  SCV  
  63  6:46  Refinery  
  64  6:48  Siege Tank  
  64  6:52  Siege Tank, Marine  
  70  7:05  SCV  
  70  7:06  Banshee  
  72  7:12  Viking  
  74  7:17  SCV x2  
  74  7:18  Starport  
  75  7:43  SCV x2  
  77  7:48  Siege Tank  
  80  7:53  Starport Reactor  
  80  7:55  SCV x2  
  82  8:04  Orbital Command  
  79  8:07  SCV  
  74  8:22  Banshee, Medivac  
  74  8:23  SCV  
  74  8:24  Siege Tank x2  
  74  8:25  Marine  
  82  8:43  Viking x2  
  82  8:45  SCV x2  
  82  8:47  SCV  
  89  8:56  Siege Tank  
  89  8:57  SCV, Missile Turret  
  93  9:02  Sensor Tower  
  93  9:11  Command Center, Starport Tech Lab  
  93  9:28  Missile Turret  
  93  9:34  Sensor Tower  
  93  9:38  Banshee, Siege Tank, SCV x2  
  93  9:39  Supply Depot x2, Viking x2, Siege Tank, SCV  
  93  9:40  Supply Depot  
  109  9:51  Banshee  
  106  10:20  Viking  
  106  10:21  Viking  
Show
View Real Time Build Order
Export as new Build Order

Typic Terran 

Build Orders: MMM Bio 

Get SALT Encoding   

  12  0:01  SCV  
  13  0:13  SCV  
  14  0:18  Supply Depot  
  14  0:25  SCV  
  15  0:40  SCV  
  15  0:42  Barracks  
  16  0:45  Refinery  
  16  0:52  SCV  
  17  1:04  SCV  
  18  1:16  SCV  
  19  1:31  Orbital Command  
  19  1:32  Reaper  
  20  1:35  Supply Depot  
  20  1:40  Barracks  
  20  1:47  Bunker  
  20  2:02  SCV  
  20  2:04  Reaper  
  22  2:14  SCV  
  23  2:18  Refinery  
  23  2:26  SCV  
  24  2:35  Supply Depot  
  24  2:36  Supply Depot, Reaper x2  
  26  2:38  SCV  
  27  2:53  Factory  
  27  3:01  Engineering Bay  
  27  3:09  Reaper  
  27  3:11  Reaper  
  29  3:21  Command Center  
  29  3:30  Missile Turret  
  29  3:35  SCV  
  29  3:38  Starport  
  29  3:40  Hellion  
  32  3:52  SCV  
  32  3:54  Barracks Tech Lab  
  32  3:55  Barracks Reactor  
  33  4:00  Barracks  
  33  4:09  Factory Tech Lab  
  33  4:22  Marine  
  32  4:25  Viking  
  32  4:27  SCV  
  32  4:29  Siege Tank  
  38  4:32  Marine x2  
  40  4:40  Missile Turret  
  40  4:45  Orbital Command  
  40  4:51  SCV  
  41  4:57  Stimpack  
  41  4:59  Starport Reactor  
  40  5:09  Marine x3  
  42  5:15  SCV x2  
  43  5:23  Barracks Reactor  
  43  5:29  Siege Tank  
  43  5:33  Marine x2  
  43  5:34  Marine  
  49  5:36  SCV x2  
  51  5:48  Terran Infantry Weapons Level 1  
  51  5:49  SCV x2  
  53  5:53  Marine x2  
  55  6:01  SCV x2  
  56  6:09  Marine x3  
  58  6:17  Marine x2  
  58  6:20  SCV x2  
  58  6:24  Supply Depot  
  58  6:25  Supply Depot, Medivac  
  62  6:31  Supply Depot  
  62  6:37  Marine  
  62  6:45  SCV, Medivac, Marine x4  
  69  6:47  SCV  
  70  6:59  Marine  
  70  7:00  Combat Shields, Refinery  
  71  7:07  Marine x4  
  69  7:13  Medivac  
  71  7:18  SCV x2  
  73  7:23  Refinery  
  73  7:35  Command Center  
  65  7:41  Marine x3  
  65  7:42  Marine  
  65  7:43  Siege Tank  
  69  7:45  Terran Infantry Armor Level 1  
  69  7:48  Engineering Bay  
  69  7:50  SCV  
  69  7:51  SCV  
  71  7:57  Armory  
  71  8:00  Marine x5  
  68  8:20  Siege Tank  
  68  8:23  Marine x4  
  68  8:24  Marine  
  68  8:26  Medivac x2  
  80  8:29  SCV  
  81  8:34  Supply Depot  
  81  8:35  Supply Depot  
  80  8:44  Marine x5  
  85  8:50  Orbital Command  
  85  8:56  Siege Tank  
  85  8:59  SCV x2  
  90  9:17  Marine  
  90  9:18  Marine x4  
  90  9:20  SCV x3  
  96  9:57  Marine x4  
  96  9:58  Marine  
  96  9:59  SCV x3  
  101  10:02  Barracks  
  101  10:03  Barracks, Missile Turret  
  101  10:08  Viking  
  101  10:09  Viking  
  101  10:11  SCV x2  
  90  10:30  Marine  
  90  10:31  Marine x3  
Tags
 
Add a new tag
Caveats
  • Supply blocks, unpowered buildings, or Contaminate may cause inaccurate times.
  • Supply counts are checked every 10 seconds.